ITL
ALLENTOWN HILLBILLIES @ TUSCALOOSA TROUT SLAYERS
06/22/2030
 
TOP OF THE 1ST
Allentown Hillbillies batting - Pitching for Tuscaloosa Trout Slayers : RHP Juan De Jesús
Pitching: RHP Juan De Jesús
Batting: LHB Júlio Lorenzo 0-0: Swinging Strike
0-1: Ball
1-1: Called Strike
1-2: Ball
2-2: Strikes out swinging
Batting: RHB Rubén Vázquez 0-0: Ball
1-0: DOUBLE (Line Drive, 7LM)
Batting: RHB Donald Sanford 0-0: Foul Ball, location: 2F
0-1: Ball
1-1: Called Strike
1-2: Strikes out swinging
Batting: RHB Germano Labrego 0-0: Called Strike
0-1: Ball
1-1: Swinging Strike
1-2: Strikes out looking
Top of the 1st over - 0 runs, 1 hit, 0 errors, 1 left on base; Allentown 0 - Tuscaloosa 0
BOTTOM OF THE 1ST
Tuscaloosa Trout Slayers batting - Pitching for Allentown Hillbillies : LHP Ánibal Barajas
Pitching: LHP Ánibal Barajas
Batting: LHB Manuel Ortega 0-0: Called Strike
0-1: Called Strike
0-2: Ball
1-2: Ball
2-2: Ground out U3 (Groundball, 34S)
Batting: RHB José Pinto 0-0: Called Strike
0-1: Foul Ball, location: 2F
0-2: Ball
1-2: SINGLE (Groundball, 56S) (infield hit)
Batting: LHB Ed Murray 0-0: Called Strike
0-1: Ball
1-1: SINGLE (Line Drive, 9S)
José Pinto to second
Batting: LHB Ed Hart 0-0: Ball
1-0: Ball
2-0: Ball
3-0: Called Strike
3-1: Base on Balls
José Pinto to third
Ed Murray to second
Batting: LHB Marcos Villarreal 0-0: Ball
1-0: Ball
2-0: Swinging Strike
2-1: Foul Ball, location: 2F
2-2: Strikes out swinging
Batting: RHB Augusto Baca 0-0: Ball
1-0: Ball
2-0: Called Strike
2-1: SINGLE (Groundball, 34D)
José Pinto scores
Ed Murray to third
Ed Hart to second
Runner from 3rd tries for Home, SAFE, no throw
Batting: RHB Alfredo Díaz 0-0: Foul Ball, location: 2F
0-1: Ball
1-1: Swinging Strike
1-2: Fly out, F7 (Flyball, 7D)
Bottom of the 1st over - 2 runs, 3 hits, 0 errors, 2 left on base; Allentown 0 - Tuscaloosa 2
TOP OF THE 2ND
Allentown Hillbillies batting - Pitching for Tuscaloosa Trout Slayers : RHP Juan De Jesús
Batting: RHB Albert Lutz 0-0: Ground out 4-3 (Groundball, 4)
Batting: RHB Germán Romero 0-0: Foul Ball, location: 2F
0-1: Ground out 6-3 (Groundball, 6D)
Batting: SHB Travis Martin 0-0: Foul Ball, location: 2F
0-1: DOUBLE (Line Drive, 8LD)
Batting: RHB Justin Harris 0-0: Ball
1-0: Called Strike
1-1: Ball
2-1: Foul Ball, location: 2F
2-2: Foul Ball, location: 2F
2-2: Strikes out looking
Top of the 2nd over - 0 runs, 1 hit, 0 errors, 1 left on base; Allentown 0 - Tuscaloosa 2
BOTTOM OF THE 2ND
Tuscaloosa Trout Slayers batting - Pitching for Allentown Hillbillies : LHP Ánibal Barajas
Batting: SHB António Ramírez 0-0: Ball
1-0: Swinging Strike
1-1: Foul Ball, location: 2F
1-2: Foul Ball, location: 2F
1-2: Strikes out swinging
Batting: RHB Greg Lee 0-0: Swinging Strike
0-1: Called Strike
0-2: SINGLE (Groundball, 56D)
Batting: LHB Manuel Ortega 0-0: Called Strike
0-1: Ball
1-1: Ball
2-1: Foul Ball, location: 2F
2-2: Fly out, F3 (Line Drive, 34)
Lined into DP, U3 (Line Drive, 34)
Bottom of the 2nd over - 0 runs, 1 hit, 0 errors, 0 left on base; Allentown 0 - Tuscaloosa 2
TOP OF THE 3RD
Allentown Hillbillies batting - Pitching for Tuscaloosa Trout Slayers : RHP Juan De Jesús
Batting: LHB Russell Ewing 0-0: Ball
1-0: Called Strike
1-1: Foul Ball, location: 2F
1-2: Strikes out swinging
Batting: LHB Júlio Lorenzo 0-0: Called Strike
0-1: Foul Ball, location: 2F
0-2: Strikes out swinging
Batting: RHB Rubén Vázquez 0-0: Called Strike
0-1: Ground out 4-3 (Groundball, 4)
Top of the 3rd over - 0 runs, 0 hits, 0 errors, 0 left on base; Allentown 0 - Tuscaloosa 2
BOTTOM OF THE 3RD
Tuscaloosa Trout Slayers batting - Pitching for Allentown Hillbillies : LHP Ánibal Barajas
Batting: RHB José Pinto 0-0: Called Strike
0-1: Called Strike
0-2: Strikes out swinging
Batting: LHB Ed Murray 0-0: Called Strike
0-1: Fly out, F8 (Flyball, 8LD)
Batting: LHB Ed Hart 0-0: Foul Ball, location: 2F
0-1: Called Strike
0-2: Strikes out looking
Bottom of the 3rd over - 0 runs, 0 hits, 0 errors, 0 left on base; Allentown 0 - Tuscaloosa 2
TOP OF THE 4TH
Allentown Hillbillies batting - Pitching for Tuscaloosa Trout Slayers : RHP Juan De Jesús
Batting: RHB Donald Sanford 0-0: Ball
1-0: Foul Ball, location: 2F
1-1: Foul Ball, location: 2F
1-2: SINGLE (Flyball, 78S)
Batting: RHB Germano Labrego 0-0: Fly out, F8 (Flyball, 8LM)
Batting: RHB Albert Lutz 0-0: Called Strike
0-1: Foul Ball, location: 2F
0-2: Ball
1-2: Ball
2-2: Strikes out swinging
Batting: RHB Germán Romero 0-0: Called Strike
0-1: Called Strike
0-2: Ball
1-2: Foul Ball, location: 2F
1-2: Strikes out swinging
Top of the 4th over - 0 runs, 1 hit, 0 errors, 1 left on base; Allentown 0 - Tuscaloosa 2
BOTTOM OF THE 4TH
Tuscaloosa Trout Slayers batting - Pitching for Allentown Hillbillies : LHP Ánibal Barajas
Batting: LHB Marcos Villarreal 0-0: Called Strike
0-1: Swinging Strike
0-2: Ball
1-2: Ball
2-2: Ball
3-2: SINGLE (Groundball, 34D)
Batting: RHB Augusto Baca 0-0: Called Strike
0-1: Fielders Choice at 2nd, 1-6 (Groundball, 13)
Batting: RHB Alfredo Díaz 0-0: Ball
1-0: Ball
2-0: Called Strike
2-1: Ball
3-1: Base on Balls
Augusto Baca to second
Batting: SHB António Ramírez 0-0: Called Strike
0-1: Ball
1-1: Grounds into double play, 3-6-3 (Groundball, 34)
Bottom of the 4th over - 0 runs, 1 hit, 0 errors, 1 left on base; Allentown 0 - Tuscaloosa 2
TOP OF THE 5TH
Allentown Hillbillies batting - Pitching for Tuscaloosa Trout Slayers : RHP Juan De Jesús
Batting: SHB Travis Martin 0-0: Called Strike
0-1: Ball
1-1: Ball
2-1: Foul Ball, location: 2F
2-2: Strikes out looking
Batting: RHB Justin Harris 0-0: SINGLE (Flyball, 7LM)
Batting: LHB Russell Ewing 0-0: Ball
1-0: Swinging Strike
1-1: Foul Ball, location: 2F
1-2: Strikes out looking
Batting: LHB Júlio Lorenzo 0-0: Called Strike
0-1: Called Strike
0-2: Ball
1-2: Ball
2-2: Ball
3-2: Foul Ball, location: 2F
3-2: Ground out 4-3 (Groundball, 4)
Top of the 5th over - 0 runs, 1 hit, 0 errors, 1 left on base; Allentown 0 - Tuscaloosa 2
BOTTOM OF THE 5TH
Tuscaloosa Trout Slayers batting - Pitching for Allentown Hillbillies : LHP Ánibal Barajas
Batting: RHB Greg Lee 0-0: Called Strike
0-1: Ball
1-1: Called Strike
1-2: DOUBLE (Groundball, 5L)
Batting: LHB Manuel Ortega 0-0: Ball
1-0: Foul Ball, location: 2F
1-1: Foul Ball, location: 2F
1-2: SINGLE (Groundball, 3D)
Greg Lee to third
Batting: RHB José Pinto 0-0: Ball
1-0: Ball
2-0: Ball
3-0: Base on Balls
Manuel Ortega to second
Batting: LHB Ed Murray 0-0: Swinging Strike
0-1: Ball
1-1: Ball
2-1: Fly out, F3 (Popup, 3S)
Batting: LHB Ed Hart 0-0: Ball
1-0: Called Strike
1-1: Fly out, F7 (Flyball, 7D)
Runner from 3rd tags up, SCORES, no throw
Manuel Ortega to third
Batting: LHB Marcos Villarreal 0-0: Called Strike
0-1: Ball
1-1: Ball
2-1: DOUBLE (Flyball, 8LXD)
Manuel Ortega scores
José Pinto to third
Runner from 3rd tries for Home, SAFE, no throw
Batting: RHB Augusto Baca 0-0: Ball
1-0: SINGLE (Groundball, 6MD)
Marcos Villarreal to third
Runner from 3rd tries for Home, SAFE, throw made home
Augusto Baca to second
Batting: RHB Alfredo Díaz 0-0: Called Strike
0-1: Ball
1-1: Ball
2-1: Ball
3-1: Foul Ball, location: 2F
3-2: Base on Balls
Batting: SHB António Ramírez 0-0: Ball
1-0: Ball
2-0: Ball
3-0: Called Strike
3-1: DOUBLE (Line Drive, 7LM)
Augusto Baca scores
Alfredo Díaz to third
Runner from 3rd tries for Home, SAFE, no throw
Batting: RHB Greg Lee 0-0: Called Strike
0-1: Foul Ball, location: 2F
0-2: Ball
Wild Pitch!
António Ramírez to third
1-2: Fly out, F5 (Line Drive, 56S)
Bottom of the 5th over - 6 runs, 5 hits, 0 errors, 1 left on base; Allentown 0 - Tuscaloosa 8
TOP OF THE 6TH
Allentown Hillbillies batting - Pitching for Tuscaloosa Trout Slayers : RHP Juan De Jesús
Batting: RHB Rubén Vázquez 0-0: Fly out, F9 (Flyball, 9LS)
Batting: RHB Donald Sanford 0-0: Foul Ball, location: 2F
0-1: Ball
1-1: Ball
2-1: Ball
3-1: Foul Ball, location: 2F
3-2: SINGLE (Groundball, 4MD)
Batting: RHB Germano Labrego 0-0: Called Strike
0-1: Ball
1-1: Ball
2-1: Foul Ball, location: 2F
2-2: Ball
3-2: Base on Balls
Donald Sanford to second
Batting: RHB Albert Lutz 0-0: Ball
1-0: Foul Ball, location: 2F
1-1: Foul Ball, location: 2F
1-2: Ball
2-2: SINGLE (Groundball, 56S) (infield hit)
Donald Sanford to third
Germano Labrego to second
Batting: RHB Germán Romero 0-0: Called Strike
0-1: Ball
1-1: Fly out, F8 (Flyball, 8RD)
Runner from 3rd tags up, SCORES, throw made
Batting: SHB Travis Martin 0-0: Called Strike
0-1: Fly out, F6 (Line Drive, 6)
Top of the 6th over - 1 run, 2 hits, 0 errors, 2 left on base; Allentown 1 - Tuscaloosa 8
BOTTOM OF THE 6TH
Tuscaloosa Trout Slayers batting - Pitching for Allentown Hillbillies : LHP Ánibal Barajas
Batting: LHB Manuel Ortega 0-0: Swinging Strike
0-1: Ball
1-1: Ground out U3 (Groundball, 3)
Batting: RHB José Pinto 0-0: Swinging Strike
0-1: Foul Ball, location: 2F
0-2: Foul Ball, location: 2F
0-2: Foul Ball, location: 2F
0-2: Foul Ball, location: 2F
0-2: Foul Ball, location: 2F
0-2: Foul Ball, location: 2F
0-2: Foul Ball, location: 2F
0-2: Foul Ball, location: 2F
0-2: Ground out 4-3 (Groundball, 4)
Batting: LHB Ed Murray 0-0: Swinging Strike
0-1: Swinging Strike
0-2: Strikes out swinging
Bottom of the 6th over - 0 runs, 0 hits, 0 errors, 0 left on base; Allentown 1 - Tuscaloosa 8
TOP OF THE 7TH
Allentown Hillbillies batting - Pitching for Tuscaloosa Trout Slayers : RHP Juan De Jesús
Batting: RHB Justin Harris 0-0: Called Strike
0-1: Ball
1-1: Called Strike
1-2: Foul Ball, location: 2F
1-2: Ground out 5-3 (Groundball, 56)
Batting: LHB Russell Ewing 0-0: Called Strike
0-1: Ball
1-1: Called Strike
1-2: Ball
2-2: Strikes out swinging
Batting: LHB Júlio Lorenzo 0-0: Ball
1-0: Called Strike
1-1: Foul Ball, location: 2F
1-2: Strikes out swinging
Top of the 7th over - 0 runs, 0 hits, 0 errors, 0 left on base; Allentown 1 - Tuscaloosa 8
BOTTOM OF THE 7TH
Tuscaloosa Trout Slayers batting - Pitching for Allentown Hillbillies : LHP Ánibal Barajas
Batting: LHB Ed Hart 0-0: Ball
1-0: Ball
2-0: Foul Ball, location: 2F
2-1: Foul Ball, location: 2F
2-2: Fly out, F7 (Flyball, 7)
Batting: LHB Marcos Villarreal 0-0: Called Strike
0-1: Ball
1-1: Foul Ball, location: 2F
1-2: SINGLE (Line Drive, 7LS)
Pitching: LHP Emílio Trevino
Batting: RHB Augusto Baca 0-0: Called Strike
0-1: Foul Ball, location: 2F
0-2: Ball
1-2: Ball
2-2: Ball
3-2: Foul Ball, location: 2F
3-2: Foul Ball, location: 2F
3-2: SINGLE (Groundball, 6MD)
Marcos Villarreal to second
Batting: RHB Alfredo Díaz 0-0: Ball
1-0: Called Strike
1-1: Ball
2-1: Ball
3-1: Foul Ball, location: 2F
3-2: Base on Balls
Marcos Villarreal to third
Augusto Baca to second
Batting: SHB António Ramírez 0-0: Ball
1-0: Foul Ball, location: 2F
1-1: Called Strike
1-2: Ball
2-2: Fly out, F6 (Line Drive, 6)
Batting: RHB Greg Lee 0-0: SINGLE (Groundball, 6MD)
Marcos Villarreal scores
Augusto Baca to third
Alfredo Díaz to second
Runner from 3rd tries for Home, SAFE, no throw
Batting: LHB Manuel Ortega 0-0: Ball
1-0: Ball
2-0: Ball
3-0: Called Strike
3-1: Base on Balls
Alfredo Díaz to third
Greg Lee to second
Batting: RHB José Pinto 0-0: Swinging Strike
0-1: Swinging Strike
0-2: Foul Ball, location: 2F
0-2: Ground out 4-3 (Groundball, 4)
Bottom of the 7th over - 2 runs, 3 hits, 0 errors, 3 left on base; Allentown 1 - Tuscaloosa 10
TOP OF THE 8TH
Allentown Hillbillies batting - Pitching for Tuscaloosa Trout Slayers : RHP Juan De Jesús
Batting: RHB Rubén Vázquez 0-0: Called Strike
0-1: Foul Ball, location: 2F
0-2: Ball
1-2: Foul Ball, location: 2F
1-2: SINGLE (Groundball, 4MD)
Batting: RHB Donald Sanford 0-0: Swinging Strike
0-1: Called Strike
0-2: Ball
1-2: Strikes out swinging
Batting: RHB Germano Labrego 0-0: Ball
1-0: Ball
2-0: Foul Ball, location: 2F
2-1: SINGLE (Groundball, 34D)
Rubén Vázquez to second
Runner from 2nd tries for 3rd, SAFE, no throw
Batting: RHB Albert Lutz 0-0: SINGLE (Line Drive, 8LS)
Rubén Vázquez scores
Germano Labrego to second
Batting: RHB Germán Romero 0-0: Ball
1-0: Ball
2-0: Foul Ball, location: 2F
2-1: Fly out, F8 (Flyball, 8RD)
Pitching: LHP Kelly Henry
Pinch Hitting: RHB Wyatt McKinnon 0-0: Ball
1-0: Called Strike
1-1: Called Strike
1-2: Strikes out looking
Top of the 8th over - 1 run, 3 hits, 0 errors, 2 left on base; Allentown 2 - Tuscaloosa 10
BOTTOM OF THE 8TH
Tuscaloosa Trout Slayers batting - Pitching for Allentown Hillbillies : LHP Emílio Trevino
Now at 2B: Juan Magdayao
Batting: LHB Ed Murray 0-0: Ball
1-0: Ball
2-0: Called Strike
2-1: Ball
3-1: Base on Balls
Batting: LHB Ed Hart 0-0: Ball
1-0: Ball
2-0: Ball
3-0: Called Strike
3-1: Base on Balls
Ed Murray to second
Pitching: RHP Millard Manning
Batting: LHB Marcos Villarreal 0-0: Called Strike
0-1: Ball
1-1: Ball
2-1: Swinging Strike
2-2: Ball
3-2: Ground out 4-3 (Groundball, 6M)
Ed Murray to third
Ed Hart to second
Batting: RHB Augusto Baca 0-0: Ball
1-0: Ball
2-0: Ball
3-0: Called Strike
3-1: Called Strike
3-2: Fly out, F9 (Flyball, 9D)
Runner from 3rd tags up, SCORES, throw made
Batting: RHB Alfredo Díaz 0-0: Ball
1-0: Fly out, F4 (Line Drive, 4)
Bottom of the 8th over - 1 run, 0 hits, 0 errors, 1 left on base; Allentown 2 - Tuscaloosa 11
TOP OF THE 9TH
Allentown Hillbillies batting - Pitching for Tuscaloosa Trout Slayers : LHP Kelly Henry
Now at 3B: Juan Reyes
Now in LF: Eddy Jefferson
Batting: RHB Justin Harris 0-0: Ground out U3 (Groundball, 3)
Batting: LHB Russell Ewing 0-0: Called Strike
0-1: Called Strike
0-2: Ball
1-2: Ball
2-2: Ball
3-2: Strikes out swinging
Batting: LHB Júlio Lorenzo 0-0: Ball
1-0: Ball
2-0: Swinging Strike
2-1: Ball
3-1: Called Strike
3-2: SOLO HOME RUN (Flyball, 7LD), Distance : 353 ft
Batting: RHB Rubén Vázquez 0-0: Called Strike
0-1: Ball
1-1: Called Strike
1-2: Strikes out swinging
Top of the 9th over - 1 run, 1 hit, 0 errors, 0 left on base; Allentown 3 - Tuscaloosa 11
Saturday, April 7th, 2018 - OOTP Baseball 18.8 Build 76